 Dungeon Sprint DCSS version 0.26-a0-652-gafc20e3620 (webtiles) character file.

Game seed: 1506186219956057187

205 sahdkjhfkaj the Cudgeler (level 5, -3/51 HPs)
             Began as a Palentonga Fighter on Oct 2, 2020.
             Was a Believer of the Shining One.
             Killed from afar by a deep elf mage (28 damage)
             ... with a bolt of magma
             ... in the Dungeon (Sprint VII: "The Pits").
             The game lasted 00:02:27 (400 turns).

sahdkjhfkaj the Cudgeler (Palentonga Fighter)        Turns: 400, Time: 00:02:28

Health: -3/51      AC: 18    Str: 20    XL:     5   Next: 52%
Magic:  5/5        EV:  5    Int:  9    God:    the Shining One [**....]
Gold:   0          SH: 10    Dex:  9    Spells: 4/4 levels left

rFire    . . .     SeeInvis +   o - +2 flail (protect)
rCold    . . .     Faith    .   c - +0 kite shield
rNeg     + . .     Spirit   .   k - +3 chain mail
rPois    .         Reflect  .   (no helmet)
rElec    .         Harm     .   (no cloak)
rCorr    .         Rampage  .   (no gloves)
MR       .....     NoTele   +   (no barding)
Stlth    ..........             (no amulet)
HPRegen  0.17/turn              (no ring)
MPRegen  0.09/turn              (no ring)

@: protection aura, glowing
A: large, rugged brown scales 3, see invisible, deformed body, roll, armoured
tail
a: Rolling Charge, Divine Shield, Renounce Religion


You were in the Dungeon.
You worshipped the Shining One.
The Shining One was pleased with you.
You visited 1 branch

Inventory:

Hand Weapons
 o - a +2 flail of protection (weapon)
Armour
 c - a +0 kite shield (worn)
 k - a +3 chain mail (worn)
Scrolls
 a - 3 scrolls of remove curse
 j - a scroll of blinking
 l - 5 scrolls of amnesia
 m - a scroll of summoning
 n - 2 scrolls of vulnerability
Potions
 d - a potion of might
 e - 5 potions of curing
 f - 6 potions of heal wounds
 g - a potion of haste
 h - 4 potions of magic
 i - 3 potions of berserk rage


   Skills:
 + Level 5.2 Fighting
 * Level 6.4 Maces & Flails
 + Level 4.3 Armour
 + Level 3.3 Dodging
 * Level 5.7 Shields


You had 4 spell levels left.
You didn't know any spells.
Your spell library was empty.

Dungeon Overview and Level Annotations

Branches:
Dungeon (1/1)

Altars:
Ashenzari
Cheibriados
Dithmenos
Elyvilon
Fedhas
Gozag
Hepliaklqana
Kikubaaqudgha
Makhleb
Nemelex Xobeh
Okawaru
Qazlal
Ru
Sif Muna
Trog
Uskayaw
Vehumet
Wu Jian
Xom
Yredelemnul
Zin
The Shining One
Beogh
Jiyva
Lugonu


Innate Abilities, Weirdness & Mutations

You are completely covered in rugged brown scales. (AC +3, +7% HP)
You have supernaturally acute eyesight. (SInv)
Armour fits poorly on your strangely shaped body.
You can roll at foes to attack.
You have a long armoured tail.


Message History

The deep elf mage is almost dead.
The deep elf mage points at you and mumbles some strange words.
The stone arrow hits you! You block the deep elf mage's attack.
You closely miss the deep elf mage.
The deep elf mage is almost dead.
You block the deep elf mage's attack.
You barely miss the deep elf mage.
The deep elf mage is almost dead.
The deep elf mage gestures at you while chanting.
The bolt of magma hits you but does no damage.
You hit the deep elf mage.
Your tail-slap misses the deep elf mage.
The deep elf mage is almost dead.
The deep elf mage mumbles some strange words.
The deep elf mage blinks!
There's nothing you can charge at!
The deep elf mage gestures at you while chanting.
The bolt of magma hits you!!
Ouch! That really hurt!
You die...

######### _______.#
_______.#
_____...###########++#####
#######'##................
(!')))'.##..e...#..#......
#######.##................
........†'......@.........
####)#####......#..#......
...#.#..##................
...#.#))#####'#####++#####
...÷.#))##.......#
#)####))##.......#
.....#[[##.......#
.....#'###...<...#
........##.......#


You could see a deep elf mage.

Vanquished Creatures
  A black bear (D)
  A scorpion (D)
  A hound (D)
  An adder (D)
  A river rat (D)
  An ooze (D)
  A leopard gecko (D)
  A goblin (D)
  A hobgoblin (D)
  A kobold (D)
  2 quokkas (D)
12 creatures vanquished.

Notes
Turn   | Place    | Note
-------+----------+-------------------------------------------
     0 | D        | sahdkjhfkaj the Palentonga Fighter began the quest for the
                  | Orb.
     0 | D        | Reached XP level 1. HP: 20/20 MP: 1/1
    14 | D        | Found a bloodstained altar of Trog.
    14 | D        | Found a shimmering blue altar of Sif Muna.
    14 | D        | Found a viscous altar of Jiyva.
    14 | D        | Found a hazy altar of Hepliaklqana.
    14 | D        | Found an opulent altar of Gozag.
    15 | D        | Found a glowing golden altar of the Shining One.
    15 | D        | Found a glowing silver altar of Zin.
    15 | D        | Found a basalt altar of Yredelemnul.
    15 | D        | Found a shimmering altar of Xom.
    15 | D        | Found an ornate altar of the Wu Jian Council.
    15 | D        | Found a sacrificial altar of Ru.
    15 | D        | Found a stormy altar of Qazlal.
    15 | D        | Found an iron altar of Okawaru.
    15 | D        | Found a sparkling altar of Nemelex Xobeh.
    15 | D        | Found a burning altar of Makhleb.
    15 | D        | Found a blossoming altar of Fedhas.
    15 | D        | Found a white marble altar of Elyvilon.
    15 | D        | Found a shadowy altar of Dithmenos.
    15 | D        | Found a snail-covered altar of Cheibriados.
    16 | D        | Found a radiant altar of Vehumet.
    16 | D        | Found a corrupted altar of Lugonu.
    16 | D        | Found a roughly hewn altar of Beogh.
    17 | D        | Found an ancient bone altar of Kikubaaqudgha.
    17 | D        | Found a hide-covered altar of Uskayaw.
    17 | D        | Found a broken altar of Ashenzari.
    20 | D        | Became a worshipper of the Shining One
    58 | D        | Reached XP level 2. HP: 26/27 MP: 2/2
    70 | D        | Reached skill level 3 in Maces & Flails
    70 | D        | Reached skill level 1 in Dodging
    75 | D        | Reached * piety under the Shining One
    87 | D        | Reached skill level 4 in Maces & Flails
    87 | D        | Reached XP level 3. HP: 22/35 MP: 3/3
   332 | D        | Noticed a deep elf mage
   332 | D        | Noticed a black bear
   332 | D        | Reached ** piety under the Shining One
   333 | D        | Noticed an earth elemental
   333 | D        | Noticed an earth elemental
   339 | D        | Noticed a scorpion
   340 | D        | Killed a black bear
   340 | D        | Reached skill level 5 in Maces & Flails
   340 | D        | Reached skill level 5 in Shields
   340 | D        | Reached XP level 4. HP: 43/43 MP: 4/4
   340 | D        | Reached XP level 5. HP: 50/50 MP: 5/5
   374 | D        | Reached skill level 5 in Fighting
   374 | D        | Reached skill level 6 in Maces & Flails
   400 | D        | Killed from afar by a deep elf mage

Illustrated notes

Levels and vault maps discovered:
D:        pitsprint [storerooms_1, entrance_room_1, metal_vault_8, armoury_3,
          mini_pit_1, grid_room_1, main_hall_1, silver_pit, the_coven_1,
          the_vestibule_1, steel_vault_5, golden_pit, hallway_of_sentries,
          crystal_vault_1, iron_vault_1, final_vault]

Skill      XL: |  1  2  3  4  5 |
---------------+----------------+-----
Shields        | 3 5 |  5.7
Maces & Flails | 4 5 6 |  6.4
Dodging        | 1 2 3 |  3.3
Armour         | 3 4 |  4.3
Fighting       | 4 5 |  5.2

Action                   |  1- 3 |  4- 6 || total
-------------------------+-------+-------++-------
Melee: Mace              |    27 |       ||    27
       Tailslap          |     2 |       ||     2
       Flail             |     3 |    17 ||    20
 Abil: Rolling Charge    |     2 |     1 ||     3
  Use: Potion            |       |     1 ||     1
Armor: Scale mail        |     5 |       ||     5
       Chain mail        |     1 |     8 ||     9
Dodge: Dodged            |     8 |       ||     8
Block: Kite shield       |    16 |     6 ||    22

Table legend: (Time is in decaauts)
 A = Elapsed time spent in this place.
 B = Non-inter-level travel time spent in this place.
 C = Inter-level travel time spent in this place.
 D = Time resting spent in this place.
 E = Time spent auto-exploring this place.
 F = Levels seen in this place.
 G = Mean time per level.
                   A        B        C        D        E       F      G
               +--------+--------+--------+--------+--------+-----+--------+
         Total |    410 |    392 |     18 |    179 |      0 |   1 |  410.0 |
       Dungeon |    410 |    392 |     18 |    179 |      0 |   1 |  410.0 |
               +--------+--------+--------+--------+--------+-----+--------+

Top non-repeatable levels by time:
       D: 410 daAuts
